 Dungeon Crawl Stone Soup version 0.25-a0-201-g0bb11aece9 (webtiles) character file.

Game seed: 17085502785959156383, levelgen mode: deterministic

129 floatRand the Shield-Bearer (level 5, 0/36 HPs)
             Began as an Octopode Fighter on Dec 2, 2019.
             Was a Follower of Okawaru.
             Succumbed to a kobold's poison
             ... on level 3 of the Dungeon.
             The game lasted 00:02:48 (2816 turns).

floatRand the Shield-Bearer (Octopode Fighter)      Turns: 2816, Time: 00:02:48

Health: 0/36       AC:  1    Str: 15    XL:     5   Next: 12%
Magic:  5/5        EV: 12    Int: 10    God:    Okawaru [*.....]
Gold:   145        SH: 10    Dex: 13    Spells: 4/4 levels left

rFire    . . .     SeeInvis .   a - +0 flail
rCold    . . .     Gourm    .   b - +1 shield
rNeg     + . .     Faith    .   (helmet restricted)
rPois    .         Spirit   .   (no amulet)
rElec    .         Reflect  .   f - ring of positive energy
rCorr    +         Harm     .   n - ring of resist corrosion
MR       .....                  (no ring)
Stlth    +++.......             (no ring)
HPRegen  0.12/turn              (no ring)
MPRegen  0.09/turn              (no ring)
                                (no ring)
                                (no ring)

@: lethally poisoned (0 -> -31)
A: almost no armour, stealthy swim, amphibious, 8 rings, constrict 8, camouflage
1, gelatinous body 1
a: Heroism, Renounce Religion


You were on level 3 of the Dungeon.
You worshipped Okawaru.
Okawaru was aware of your devotion.
You were not hungry.

You visited 1 branch of the dungeon, and saw 3 of its levels.

You collected 145 gold pieces.

Inventory:

Hand Weapons
 a - a +0 flail (weapon)
Armour
 b - a +1 shield (worn)
Jewellery
 f - a ring of positive energy (left tentacle)
 n - a ring of resist corrosion (right tentacle)
Scrolls
 e - a scroll of remove curse
 i - 3 scrolls of identify
 l - a scroll of enchant armour
 o - a scroll of blinking {unknown}
Potions
 c - a potion of might
 h - a potion of haste {unknown}
 j - 2 potions of brilliance {unknown}
 k - a potion of agility {unknown}
 m - 2 potions of curing {unknown}
 q - a potion of lignification {unknown}
 r - a potion of heal wounds {unknown}
Comestibles
 d - 5 rations
 g - 3 chunks of flesh


   Skills:
 - Level 3.0 Fighting
 + Level 3.3 Maces & Flails
 - Level 3.0 Dodging
 + Level 3.7 Stealth
 + Level 4.0 Shields


You had 4 spell levels left.
You didn't know any spells.
Your spell library was empty.

Dungeon Overview and Level Annotations

Branches:
Dungeon (3/15)

Altars:
Okawaru
Xom


Innate Abilities, Weirdness & Mutations

You cannot wear most types of armour.
You are very stealthy in the water. (Stealth+)
You are amphibious.
You can wear up to eight rings at the same time.
You can use your tentacles to constrict eight enemies at once.
Your skin changes colour to match your surroundings (Stealth+).
Your rubbery body absorbs attacks. (AC +1, EV +1)


Message History

* * * LOW HITPOINT WARNING * * *
You feel sick.
A goblin comes into view.
The kobold throws a poisoned dart.
The poisoned dart hits you!
You are more poisoned.
Found 11 arrows.
You see here a poisoned dart.
* * * LOW HITPOINT WARNING * * *
You feel sick.
The kobold throws a stone.
The stone barely misses you.
The kobold throws a poisoned dart.
The poisoned dart hits you!
You are more poisoned.
You see here a poisoned dart.
A kobold comes into view.
* * * LOW HITPOINT WARNING * * *
You feel sick.
The kobold throws a stone.
You block the stone.
The kobold moves out of view.
Found 9 gold pieces.
There is an open door here.
You see here a stone.
You die...

*,,,....................#.....#
*,,,....................'......
*,,,......##K........)..#......
***,.........)..........#######
*****,.........(()†.......# #
*,,,,,.........().........# ###
*,,,,,........(.).........# #..
*,,,,,.......((############ #..
*,,,,,.........(@.....# #..
*****,......K.(######.### #..
*,..........,* #...#######).
*****,...........***###..........
,,,,,,............,,* #..........
,,,,,,............(,**#..........
,,,,,,...##........g,,#.#########
,,,,,,,,,*#$...,,,,,,,#.#########
,,,,,,,,,**,,,,,,,,,,,#.........#


You could see a kobold.

Vanquished Creatures
  3 adders (D:3)
  4 worms
  4 dart slugs
  5 orcs (D:3)
  2 giant cockroaches
  13 goblins
  4 hobgoblins
  6 jackals (D:2)
  12 kobolds
  9 bats
  3 frilled lizards
  9 rats
74 creatures vanquished.

Notes
Turn   | Place    | Note
-------+----------+-------------------------------------------
     0 | D:1      | floatRand the Octopode Fighter began the quest for the Orb.
     0 | D:1      | Reached XP level 1. HP: 16/16 MP: 1/1
   188 | D:1      | Reached skill level 1 in Stealth
   195 | D:1      | Reached XP level 2. HP: 13/21 MP: 2/2
   633 | D:1      | Reached XP level 3. HP: 26/26 MP: 3/3
  2177 | D:2      | Reached XP level 4. HP: 23/31 MP: 4/4
  2670 | D:3      | Found a shimmering altar of Xom.
  2712 | D:3      | Found a faded altar of an unknown god.
  2716 | D:3      | Became a worshipper of Warmaster Okawaru
  2716 | D:3      | Reached * piety under Okawaru
  2783 | D:3      | Reached skill level 4 in Shields
  2797 | D:3      | Reached XP level 5. HP: 35/36 MP: 5/5
  2816 | D:3      | Succumbed to a kobold's poison

Levels and vault maps discovered:
D:1:      sevenhm_arrival_forest_fort_small_5, layout_loops_ring
D:2:      layout_rooms, serial_co_window_serial, co_window_paths_b,
          co_window_of_opportunity_a, co_window_corner_a,
          co_window_of_opportunity_a, co_window_corner_a, co_window_2corner,
          co_window_corner_cb, co_window_2corner, co_window_corner_b,
          co_window_corner_cb, co_window_broadway_a, co_window_paths_e,
          glass_columns_a, glass_columns_c, first_ration
D:3:      minmay_diamond_boxcup, layout_basic, overflow_temple_1_default,
          chequers_ecumenical_altar_twisty

Skill      XL: |  1  2  3  4 |
---------------+-------------+-----
Stealth        | 1 2 3 |  3.7
Maces & Flails | 3 |  3.3
Shields        | 4 |  4.0
Fighting       | |  3.0
Dodging        | |  3.0

Action                   |  1- 3 |  4- 6 || total
-------------------------+-------+-------++-------
Melee: Flail             |    70 |    53 ||   123
       Constrict         |    20 |    19 ||    39
       Tentacles         |    15 |    15 ||    30
  Use: Scroll            |     4 |     4 ||     8
 Stab: Sleeping          |     9 |     8 ||    17
  Eat: Chunk             |     4 |     2 ||     6
Armor: Skin              |    11 |     3 ||    14
Dodge: Dodged            |    28 |    30 ||    58
Block: Shield            |    28 |    30 ||    58

Table legend:
 A = Non-vault XP
 B = Vault XP
 C = Vault XP percentage of total XP
 D = Non-vault monster count
 E = Vault monster count
 F = Vault count percentage of total count
                 A         B        C        D         E       F
            +---------+---------+-------+---------+---------+-------
      Total |     157 |      28 |  15.1 |      65 |       9 |  12.2
            +---------+---------+-------+---------+---------+-------
        D:1 |      48 |       0 |   0.0 |      28 |       0 |   0.0
        D:2 |      36 |       0 |   0.0 |      15 |       0 |   0.0
        D:3 |      73 |      28 |  27.7 |      22 |       9 |  29.0
            +---------+---------+-------+---------+---------+-------
